Cogmind - Beta 13 @@@ ROGUE MODE // 2024.04.19 @ 15:18:01 Player: Barbarossa Result: Destroyed by Y-45 Defender with Beam Rifle Performance ------------- Evolutions (1) 500 Regions Visited (4) 800 Robots Destroyed (28) 140 Value Destroyed (550) 550 Prototype IDs (5) 100 Alien Tech Used (0) 0 Bonus (200) 200 TOTAL SCORE: 2290 Bonus ------- Pacifist 200 Cogmind --------- Core Integrity 0/400 Matter 194/300 Energy 280/280 System Corruption 0% Temperature Cool (90) Movement Flying (110) Ox1 Location -9/Storage Parts ------- > --- POWER (1) -------- Cooled Ion Engine > --- PROPULSION (4) --- Flight Unit Flight Unit Improved Flight Unit > --- UTILITY (2) ------ Small Storage Unit Improved Targeting Computer > --- WEAPON (2) ------- Spread Laser Spread Laser > --- INVENTORY (8) ---- Cooled Ion Engine Hover Unit Hover Unit High-capacity Battery (250) Assault Rifle Peak State ------------ > --- POWER ------------ Cooled Ion Engine > --- PROPULSION ------- Flight Unit Flight Unit Flight Unit Improved Flight Unit > --- UTILITY ---------- Small Storage Unit > --- WEAPON ----------- Improved EM Shotgun Bore Cannon > --- INVENTORY -------- Cooled Ion Engine Hover Unit Hover Unit Flight Unit High-capacity Battery Improved Targeting Computer Spread Laser Assault Rifle [Rating: 19] Favorites ----------- Power Light Ion Engine Engine Light Ion Engine Propulsion Hover Unit Leg Aluminum Leg Hover Unit Hover Unit Flight Unit Flight Unit Utility Small Storage Unit Device ECM Suite Storage Small Storage Unit Processor Improved Targeting Computer Weapon Assault Rifle Energy Gun Spread Laser Ballistic Gun Assault Rifle Ballistic Cannon Bore Cannon Build | -11 -10 -10 -9 -9 ------- Run | Yrd Mat Min Mat Sto Slots Evolved 2 | . . . 2 . Power . | . . . . . Propulsion 2 | . . . 2 . Utility . | . . . . . Weapon . | . . . . . Parts Attached 44 | . 3 2 16 23 Power 8 | . . . 4 4 Engine 8 | . . . 4 4 Core . | . . . . . Reactor . | . . . . . Propulsion 23 | . 2 1 10 10 Treads . | . . . . . Leg . | . . . . . Wheel . | . . . . . Hover 10 | . 2 1 5 2 Flight 13 | . . . 5 8 Utility 4 | . 1 . . 3 Device 3 | . 1 . . 2 Storage . | . . . . . Processor 1 | . . . . 1 Hackware . | . . . . . Protection . | . . . . . Artifact . | . . . . . Weapon 9 | . . 1 2 6 Energy Gun 7 | . . . 2 5 Energy Cannon . | . . . . . Ballistic Gun . | . . . . . Ballistic Cannon 2 | . . 1 . 1 Launcher . | . . . . . Special Weapon . | . . . . . Impact Weapon . | . . . . . Slashing Weapon . | . . . . . Piercing Weapon . | . . . . . Special Melee Weapon . | . . . . . Unidentified Prototypes 3 | . . . 1 2 Parts Lost 19 | . . 2 9 8 Power 4 | . . 1 2 1 Propulsion 10 | . . 1 4 5 Utility 2 | . . . 1 1 Weapon 3 | . . . 2 1 Highest Loss Streak 9 | . . 2 9 3 To Critical Strikes . | . . . . . Average Slot Usage (%) 84 | . 86 86 85 83 Engine 10 | . 14 12 10 10 Hover 18 | . 17 28 33 1 Flight 15 | . . . 3 36 Device 7 | . 7 14 8 4 Storage 11 | . 14 14 11 11 Energy Gun 8 | . 8 . 2 16 Ballistic Gun 5 | . 14 14 7 . Ballistic Cannon 4 | . . 2 8 2 Naked Turns . | . . . . . Heaviest Build 25 | 12 14 21 21 25 Greatest Support 24 | 20 20 12 24 17 Greatest Overweight (x) 3 | . 1 2 3 3 Average Overweight (x) . | . . . . . Largest Inventory Capacity 8 | . 8 8 8 8 Average Capacity 8 | . 8 8 8 8 Most Carried 8 | . 8 8 8 8 Average Carried 6 | . 7 7 6 7 Final Capacity 8 | 8 8 8 8 8 Final Carried 8 | 6 8 7 8 5 Class Distribution -------------------- 64% | Mutant 29% | Scavenger-Mutant 6% | Scavenger-Sprinter Dominant Class ---------------- Mutant | -10/Materials Mutant | -10/Mines Mutant | -9/Materials Scavenger-Mutant | -9/Storage Resources | -11 -10 -10 -9 -9 ----------- Run | Yrd Mat Min Mat Sto Matter Collected 694 | 200 . 54 131 309 Remotely . | . . . . . Salvage Created 714 | . . . 231 483 Parts 59 | . . . 22 37 Haulers Intercepted 3 | . . . . 3 Recyclers Shooed . | . . . . . Parts Field Recycled . | . . . . . Retrieved Matter . | . . . . . Parts Self-Destructed . | . . . . . Prevented . | . . . . . Kills | -11 -10 -10 -9 -9 ------- Run | Yrd Mat Min Mat Sto Combat Hostiles Destroyed 21 | . . . 8 13 Guns 17 | . . . 6 11 Cannons 3 | . . . 2 1 AOE 1 | . . . . 1 Classes Destroyed 7 | . . . 4 3 Worker 1 | . . . . 1 Builder 2 | . . . 1 1 Hauler 3 | . . . . 3 Watcher 1 | . . . . 1 Swarmer 10 | . . . 4 6 Grunt 8 | . . . 2 6 Sentry 3 | . . . 2 1 Best Kill Streak 7 | . . . 7 7 Combat Bots Only 6 | . . . 6 6 Max Kills in Single Turn 2 | . . . 1 2 Gunslinging 1 | . . . . 1 Exploded 1 | . . . . 1 Melee . | . . . . . Uniques/NPCs Destroyed . | . . . . . Combat | -11 -10 -10 -9 -9 -------- Run | Yrd Mat Min Mat Sto Hostile Shots Fired 232 | . . 26 113 93 Missed 72 | . . 7 24 41 Damage Taken 1932 | . . 404 873 655 Core 658 | . . 246 259 153 Absorbed by Shields . | . . . . . Core Remaining (%) 50 | 100 . 1 . . Volleys Fired 125 | . . 18 43 64 Largest 2 | . . 1 2 2 Hottest 130 | . . 20 77 130 Shots Fired 144 | . . 18 55 71 Gun 120 | . . 18 37 65 Cannon 24 | . . . 18 6 Launcher . | . . . . . Special . | . . . . . Kinetic 54 | . . 18 30 6 Thermal 90 | . . . 25 65 Explosive . | . . . . . Electromagnetic . | . . . . . Robot Hit Streak 11 | . . 5 8 11 Robot Miss Streak 9 | . . 2 5 9 Penetration Max . | . . . . . Secondary Targets 2 | . . . . 2 Max Gunslinging Chain 1 | . . . . 1 Shots Hit Robots 94 | . . 11 32 51 Core Hits 75 | . . 3 20 52 Critical Kills 2 | . . . 1 1 Critical Parts Destroyed 4 | . . . 4 . Critical Strikes 6 | . . . 5 1 Destroy 6 | . . . 5 1 Melee Attacks . | . . . . . Impact . | . . . . . Slashing . | . . . . . Piercing . | . . . . . Sneak Attacks . | . . . . . Combat Hostiles . | . . . . . Follow-up Attacks . | . . . . . Damage Inflicted 1295 | . . 116 498 681 Guns 1071 | . . 116 335 620 Cannons 222 | . . . 163 59 Explosions . | . . . . . Melee . | . . . . . Ramming 2 | . . . . 2 Kinetic 452 | . . 116 277 59 Thermal 841 | . . . 221 620 Explosive . | . . . . . Electromagnetic . | . . . . . Impact . | . . . . . Slashing . | . . . . . Piercing . | . . . . . Highest Corruption . | . . . . . Average Corruption . | . . . . . Corruption Purged . | . . . . . Corruption Blocked . | . . . . . Overload Shots . | . . . . . Overflow Damage . | . . . . . Projectiles . | . . . . . Explosions . | . . . . . Melee . | . . . . . Knockbacks 2 | . . . 2 . Impact . | . . . . . Kinetic 2 | . . . 2 . Secondary . | . . . . . Self-Inflicted Damage 1 | . . . . 1 Shots . | . . . . . Rammed 1 | . . . . 1 Targets Rammed 1 | . . . . 1 Kicked . | . . . . . Crushed . | . . . . . Highest Temperature 294 | . . 21 124 294 Average Temperature 44 | . . 6 29 56 Received Heat Transfer 558 | . . 123 270 165 Effects 2 | . . . . 2 Interference 2 | . . . . 2 Siege Activations . | . . . . . Robots Corrupted . | . . . . . Combat Hostiles . | . . . . . Parts Fried . | . . . . . Impact Corruptions . | . . . . . Robots Melted . | . . . . . Combat Hostiles . | . . . . . Parts Melted 2 | . . . . 2 Heat Transferred 1455 | . . . 425 1030 Parts Sabotaged . | . . . . . Parts Stolen . | . . . . . Parts Stripped . | . . . . . Power Chain Reactions . | . . . . . Alert | -11 -10 -10 -9 -9 ------- Run | Yrd Mat Min Mat Sto Peak Influence 371 | . . 30 175 371 Initial 25 | . . . 3 25 Average 97 | . . 24 64 177 Maximum Alert Level 1 | . . . . 1 Low Security (%) 78 | . 100 100 100 43 Level 1 21 | . . . . 56 Level 2 . | . . . . . Level 3 . | . . . . . Level 4 . | . . . . . Level 5 . | . . . . . High Security . | . . . . . Max Security . | . . . . . Squads Dispatched 4 | . . . 1 3 Investigation . | . . . . . Extermination . | . . . . . Reinforcement 3 | . . . 1 2 Assault . | . . . . . Garrison 1 | . . . . 1 Intercept . | . . . . . Searches Triggered . | . . . . . Construction Impeded . | . . . . . Haulers Reinforced . | . . . . . Active Scanning Responses . | . . . . . Cargo Convoy Interrupts . | . . . . . Stealth | -11 -10 -10 -9 -9 --------- Run | Yrd Mat Min Mat Sto Distress Signals 2 | . . . 1 1 Communications Jammed . | . . . . . Distress Signals . | . . . . . Times Spotted 56 | . . 16 17 23 Peak Tracking Total 8 | . . 6 6 8 Tactical Retreats 8 | . . 4 4 . Traps | -11 -10 -10 -9 -9 ------- Run | Yrd Mat Min Mat Sto Traps Triggered 1 | . . . . 1 Indirectly . | . . . . . Trap Hack Attempts . | . . . . . Triggered . | . . . . . Disarmed . | . . . . . Reprogrammed . | . . . . . Reused . | . . . . . Traps Extracted . | . . . . . Installed . | . . . . . Triggered . | . . . . . Machines | -11 -10 -10 -9 -9 ---------- Run | Yrd Mat Min Mat Sto Machines Disabled 1 | . . . . 1 Max in Single Turn 1 | . . . . 1 Machines Repaired . | . . . . . Machines Dismantled . | . . . . . Machines Sabotaged . | . . . . . Overloaded Fab Kills . | . . . . . Hacking | -11 -10 -10 -9 -9 --------- Run | Yrd Mat Min Mat Sto Machines Accessed 3 | . 1 . . 2 Terminals 3 | . 1 . . 2 Fabricators . | . . . . . Repair Stations . | . . . . . Recycling Units . | . . . . . Scanalyzers . | . . . . . Garrison Access . | . . . . . Total Hacks 10 | . 4 . . 6 Successful 4 | . 2 . . 2 Failed 6 | . 2 . . 4 Catastrophic . | . . . . . Database Lockouts . | . . . . . Manual 6 | . 1 . . 5 Terminals 10 | . 4 . . 6 Fabricators . | . . . . . Repair Stations . | . . . . . Recycling Units . | . . . . . Scanalyzers . | . . . . . Garrison Access . | . . . . . Terminal Hacks 2 | . 1 . . 1 Prototype ID Bank 1 | . 1 . . . Open Door 1 | . . . . 1 Fabricator Hacks . | . . . . . Repair Station Hacks . | . . . . . Recycling Unit Hacks . | . . . . . Scanalyzer . | . . . . . Garrison Access Hacks . | . . . . . Unauthorized Hacks 2 | . 1 . . 1 Terminals 2 | . 1 . . 1 Botnet 2 | . 1 . . 1 Fabricators . | . . . . . Repair Stations . | . . . . . Recycling Units . | . . . . . Scanalyzers . | . . . . . Garrison Access . | . . . . . Data Cores Recovered . | . . . . . Used . | . . . . . Hacking Detections 2 | . 1 . . 1 Full Trace Events . | . . . . . Feedback Events . | . . . . . Feedback Blocked . | . . . . . Robot Schematics Acquired . | . . . . . Robots Built . | . . . . . Authchips . | . . . . . Time . | . . . . . Total Robot Build Rating . | . . . . . Part Schematics Acquired . | . . . . . Parts Built . | . . . . . Authchips . | . . . . . Time . | . . . . . Total Part Build Rating . | . . . . . Parts Repaired . | . . . . . Time . | . . . . . Parts Recycled . | . . . . . Recycled Matter . | . . . . . Retrieved Matter . | . . . . . Retrieved Components . | . . . . . Parts Scanalyzed . | . . . . . Part Schematics Acquired . | . . . . . Parts Damaged . | . . . . . Bothacking | -11 -10 -10 -9 -9 ------------ Run | Yrd Mat Min Mat Sto Used RIF Installer . | . . . . . Robots Hacked . | . . . . . Non-combat . | . . . . . Combat . | . . . . . Robot Hacks Applied . | . . . . . Relay Couplers Released . | . . . . . Fabnet Peak Effective % . | . . . . . Robots Rewired . | . . . . . Allies Hacked . | . . . . . Hacks Repelled . | . . . . . Allies | -11 -10 -10 -9 -9 -------- Run | Yrd Mat Min Mat Sto Total Allies . | . . . . . Largest Group . | . . . . . Highest-Rated Group . | . . . . . Highest-Rated Ally . | . . . . . Total Orders . | . . . . . Ally Attacks . | . . . . . Total Damage . | . . . . . Kills . | . . . . . Allies Corrupted . | . . . . . Allies Melted . | . . . . . Intel | -11 -10 -10 -9 -9 ------- Run | Yrd Mat Min Mat Sto Robot Analysis Total . | . . . . . Derelict Logs Recovered 1 | . . 1 . . Drone Launches 4 | . . . . 4 Drone Recoveries . | . . . . . Exploration | -11 -10 -10 -9 -9 ------------- Run | Yrd Mat Min Mat Sto Turns Passed 1014 | . 79 126 422 387 Spaces Moved 609 | 1 78 139 170 221 Core 3 | . . . 3 . Treads . | . . . . . Legs 19 | 1 18 . . . Wheels . | . . . . . Hover 317 | . 60 139 113 5 Flight 270 | . . . 54 216 Fastest Speed 31 | 120 56 56 31 31 Average Speed 69 | 120 80 62 50 85 Slowest Speed 280 | 120 120 180 200 280 Overloaded Moves . | . . . . . Propulsion Burnouts . | . . . . . Robots Hopped . | . . . . . Cave-ins Triggered . | . . . . . Exploration Rate (%) 25 | 2 15 40 23 47 Regions Visited 4 Branch Regions 2 Pre-discovered Areas . | . . . . . Known Exits Taken . | . . . . . Unknown Exits Taken 4 | 1 1 1 1 . Scrap Searched 1 | . . 1 . . Spaces Dug . | . . . . . Terrain Destroyed 15 | . . . 12 3 Melee . | . . . . . Projectile 15 | . . . 12 3 AOE . | . . . . . Terrain Rammed . | . . . . . Walls Destroyed . | . . . . . Machines Disabled . | . . . . . Actions | -11 -10 -10 -9 -9 --------- Run | Yrd Mat Min Mat Sto Total 1051 | . 96 160 448 347 Wait 229 | . . 2 208 19 Move 605 | . 77 138 169 221 Hop . | . . . . . Pick Up 26 | . 9 . 10 7 Fast Attach 9 | . . 1 1 7 Attach 20 | . 1 1 11 7 Detach 2 | . . . 2 . Swap 15 | . 2 . 4 9 Drop 19 | . 7 . . 12 Fire 125 | . . 18 43 64 Melee . | . . . . . Ram 1 | . . . . 1 Kick . | . . . . . Crush . | . . . . . Escape Stasis . | . . . . . Rewire . | . . . . . Trap . | . . . . . Miscellaneous . | . . . . . Route ------- -11/Scrapyard -10/Materials -10/Mines -9/Materials -9/Storage History --------- Turn | Location | Event 1 | -11/Scrapyard | Discovered new exit (range 0) 1 | -11/Scrapyard | Entered Materials 71 | -10/Materials | Discovered new exit (range 16) 80 | -10/Materials | Entered Mines 139 | -10/Mines | Assembled infested the area 140 | -10/Mines | Learned 2 Materials zone layouts 144 | -10/Mines | Assisted by a Guerilla fighting off Assembled 175 | -10/Mines | Discovered new exit (range 14) 188 | -10/Mines | Core integrity fell below 50% 199 | -10/Mines | Core integrity fell below 20% 206 | -10/Mines | Entered Materials 206 | -9/Materials | Evolved 2 slots: Propulsion x2 302 | -9/Materials | Build established: Mutant 532 | -9/Materials | Core integrity fell below 50% 570 | -9/Materials | Lost 9 parts (2p4n1u2w) 624 | -9/Materials | Discovered new exit (range 13) 628 | -9/Materials | Entered Storage 776 | -9/Storage | Core integrity fell below 20% 806 | -9/Storage | Lost 3 allies 815 | -9/Storage | Lost 3 parts (1p1n1u) 1004 | -9/Storage | Garrison activated, responded to threat 1010 | -9/Storage | Lost 3 parts (2n1w) 1015 | -9/Storage | Destroyed by Y-45 Defender with Beam Rifle Last Messages --------------- 00970_ K-01 Serf collects debris. 00971_ K-01 Serf cleans the Recycling Unit. 00971_ W-16 Scout sends out distress signal. 00974_ K-01 Serf collects debris. 00979_ Flight Unit destroyed. 00984_ G-34 Mercenary destroyed. 00993_ Acquired 35 matter. 00998_ R-06 Scavenger collects Aluminum Leg. 01000_ K-01 Serf collects debris. 01002_ R-06 Scavenger collects Ion Engine. 01003_ K-01 Serf collects debris. 01004_ A-02 Transporter calls for garrison support. 01004_ ALERT: Activating Garrison Access S001. 01005_ R-06 Scavenger collects Aluminum Leg. 01008_ K-01 Serf collects debris. 01009_ R-06 Scavenger collects Sml. Laser. 01012_ K-01 Serf collects debris. 01012_ A-02 Transporter destroyed. 01013_ K-01 Serf collects debris. Map ----- +----------------------------------------------------+ | ???????????# =%% #?????????# #??? | | ???????????# %== * #?????????# #### | | ???????????##+#########% #?????????# # | | ???????????# ### #?????????# # "" | | ???????????# ###% ###############+#+### " | | ???????????# ![ ### % ** # | | ???????????# [ " % * / | | ???????????# ### * !%= **! # | | | ???????????# [ #?# ###############+###+# | | ???????????# = #?# ####???????# #! | | ???????????# = #?#kk #???##?????# ""* ##"T | | ???????????# #?#t #???"#####?# "[["" #### | | ???????????##########?# #?? #?# "[*""" #??? | | ??????????????????????# #? !! ### """* " #??? | | ??????????????????????# k# !! ""# ""[*" #??? | | ???????????????####???#% # T"# """" #??? | | ???????????????# #### Y/ ""# #??? | | ???????????????# # """"" #?# #??? | | ???????????????# # """"????##########??? | | ???????????????# w #? """"????????????????? | | ???????????????# "" #?? ????????????????? | | ???????????????+ """" #???####???????????????? | | ???????????????# """" #??????????????????????? | | ???????????????# """" #??????????????????????? | | ???????????????# """ #??????????????????????? | | ???????????????# """ @#??????????????????????? | | ???????????????# #??????????????????????? | | ???????????????# #??????????????????????? | | ???????????????# ""*! #??????????????????????? | | ???????????????# """"%* #??????????????????????? | | ???????????????# """"*! #??????????????????????? | | ???????????????+ """" k#??????????????????????? | | ???????????????# ?""" #??????????????????????? | | ???????????????#?????" #??????????????????????? | | ????????????????????? ???????????????????????? | | ????????????????????? ???????????????????????? | | ????????????????????### ???????????????????????? | | ??????????????????????+ ???????????????????????? | | ??????????????????????####???????????????????????? | | ?????????????????????????????????????????????????? | | ?????????????????????????????????????????????????? | | ?????????????????????????????????????????????????? | | ?????????????????????????????????????????????????? | | ?????????????????????????????????????????????????? | | ?????????????????????????????????????????????????? | | ?????????????????????????????????????????????????? | | ?????????????????????????????????????????????????? | | ?????????????????????????????????????????????????? | | ?????????????????????????????????????????????????? | | ?????????????????????????????????????????????????? | +----------------------------------------------------+ Best States ------------- Heat Dissipation 28 Energy Generation 14 Energy Capacity 280 Matter Stores 300 Matter Capacity 300 Sight Range 16 Terrain Scan Density 10 ECM Strength 1 Evasion (%) 63 Targeting Accuracy 6 Item Schematics ----------------- None Robot Schematics ------------------ None Fabricated ------------ Nothing Alien Tech Used ----------------- None Achievements -------------- None Challenges ------------ None Game ------ Seed VisualForceCleaver Manual? 0 Play Time 00:17:42 Cumulative 112.0 hours Start 2024.04.19 @ 15:05:35 End 2024.04.19 @ 15:18:01 Sessions 1 Manual Loads 0 Difficulty Rogue Special Mode None Game No. 221 Rogue 221 Adventurer 0 Explorer 0 Win Type - Total 0 Types 0/0/0/0/0/0/0/0/0 Lore% 32 Gallery% 42 Achievement% 30 Wizard Run 0 Options --------- Layout 1 ASCII 0 Keyboard 0 Movement Mouse Keybinds 0 Fullscreen 1 Font 24/Smallcaps Map View 50x40 Zoom Use 0% Tactical HUD 1 Map Filters NONE Filters NONE Steam 1 RUN: df7cdc09-039d-4887-894d-4d1bba8b2425